 Dungeon Crawl Stone Soup version 0.30.1-3-gfc49f6343a (webtiles) character file.

Game seed: 18368535173161251827

61007 LynnLen the Covert (level 14, -6/70 HPs)
             Began as a Spriggan Enchanter on Aug 5, 2023.
             Was a High Priest of Dithmenos.
             Collided with a rock wall (17 damage)
             ... caused by a rakshasa (illusionary)
             ... on level 15 of the Dungeon.
             The game lasted 01:34:34 (25661 turns).

LynnLen the Covert (Spriggan Enchanter)            Turns: 25661, Time: 01:34:34

Health: -6/70      AC: 14    Str:  8    XL:     14   Next: 59%
Magic:  29/30      EV: 23    Int: 21    God:    Dithmenos [*****.]
Gold:   1040       SH:  0    Dex: 16    Spells: 7/35 levels left

rFire   . . .        a - +6 dagger (drain)
rCold   . . .        (no shield)
rNeg    + . .        K - +1 acid dragon scales
rPois   .            (helmet restricted)
rElec   .            G - +1 cloak
rCorr   +            (gloves unavailable)
SInv    +            (boots unavailable)
Will    ++...        A - amulet "Atwaexko" {Contam rN+ Regen+ Str+4 SInv}
Stlth   +++++++++    c - ring of wizardry
HPRegen 1.11/turn    L - +4 ring of protection
MPRegen 0.22/turn

%: wizardry (x1)
@: wreathed by umbra, very quick
A: very small, no large weapons, unfitting armour, see invisible, speed 3
a: Renounce Religion, Shadow Step, Shadow Form


You were on level 15 of the Dungeon.
You worshipped Dithmenos.
Dithmenos was extremely pleased with you.
You visited 3 branches of the dungeon, and saw 21 of its levels.
You also visited: Gauntlet.

You collected 1528 gold pieces.
You spent 488 gold pieces at shops.

Inventory:

Hand Weapons
 a - a +6 dagger of draining (weapon)
Missiles
 i - 57 poisoned darts
 n - 6 throwing nets
Armour
 g - a +0 cloak of willpower
 G - a +1 cloak (worn)
 K - +1 acid dragon scales (worn)
Magical Staves
 s - a staff of air
Jewellery
 b - a ring of willpower
 c - a ring of wizardry (left hand)
 e - a ring of willpower
 j - a ring of ice
 A - the amulet "Atwaexko" (around neck) {Contam rN+ Regen+ Str+4 SInv}
   (You took it off a kobold on level 4 of the Dungeon)

   [amulet of regeneration]

   Str:       It affects your strength (+4).
   rN:        It protects you from negative energy.
   SInv:      It lets you see invisible.
   Contam:    It causes magical contamination when unequipped.
   Regen:     It increases your rate of health regeneration.
 C - a +4 ring of protection
 L - a +4 ring of protection (right hand)
 M - a ring of protection from fire
 P - an amulet of the acrobat
 S - a ring of magical power
 W - a ring of willpower
 Y - a ring of magical power
Wands
 w - a wand of flame (17)
 D - a wand of digging (11)
 F - a wand of polymorph (16)
 U - a wand of charming (6)
 Z - a wand of mindburst (13)
Scrolls
 k - 10 scrolls of teleportation
 m - 4 scrolls of fear
 p - 8 scrolls of amnesia
 r - a scroll of blinking
 t - a scroll of acquirement {unknown}
 u - a scroll of magic mapping
 x - a scroll of torment {unknown}
 y - 3 scrolls of butterflies
 z - 2 scrolls of immolation {unknown}
 I - 4 scrolls of fog
 T - 4 scrolls of vulnerability
 X - 2 scrolls of silence {unknown}
Potions
 d - a potion of cancellation
 f - 5 potions of flight
 h - 2 potions of magic {unknown}
 l - 6 potions of haste
 o - 4 potions of brilliance
 q - 5 potions of ambrosia
 v - 7 potions of curing
 B - 5 potions of lignification
 E - 6 potions of heal wounds
 H - 3 potions of attraction
 J - 2 potions of berserk rage
 N - 2 potions of mutation
 O - 4 potions of resistance
 V - 2 potions of invisibility
Miscellaneous
 Q - a lightning rod (inert)
 R - a phantom mirror


   Skills:
 + Level 6.8 Fighting
 + Level 9.9 Short Blades
 - Level 5.0 Armour
 + Level 12.1 Dodging
 + Level 14.5 Stealth
 + Level 11.2 Spellcasting
 * Level 12.0 Hexes
 * Level 9.6 Summonings
 - Level 5.0 Ice Magic
 + Level 1.7 Invocations


You had 7 spell levels left.
You knew the following spells:

 Your Spells              Type           Power      Damage    Failure   Level
a - Ensorcelled Hibernat  Hex/Ice        94%        N/A       1%          2
b - Confusing Touch       Hex            58%        N/A       1%          3
c - Tukima's Dance        Hex            58%        N/A       1%          3
d - Call Imp              Summ           100%       N/A       1%          2
e - Summon Cactus Giant   Summ           25%        N/A       12%         6
f - Enfeeble              Hex            29%        N/A       22%         7
g - Yara's Violent Unrav  Hex/Tmut       18%        3d9       9%          5

Your spell library contained the following spells:

 Spells                   Type           Power      Damage    Failure   Level
 Dazzling Flash           Conj/Hex       74%        N/A       1%          3
 Inner Flame              Hex/Fire       37%        N/A       1%          3
 Ozocubu's Armour         Ice            32%        N/A       1%          3
 Portal Projectile        Hex/Tloc       74%        N/A       1%          3
 Metabolic Englaciation   Hex/Ice        23%        N/A       3%          5
 Beastly Appendage        Tmut           22%        N/A       4%          1
 Magic Dart               Conj           44%        1d5       4%          1
 Passwall                 Tmut/Erth      9%         N/A       6%          2
 Scorch                   Fire           22%        2d6       6%          2
 Wereblood                Tmut           11%        N/A       6%          2
 Mephitic Cloud           Conj/Pois/Air  11%        N/A       12%         3
 Spider Form              Tmut/Pois      11%        N/A       12%         3
 Swiftness                Air            11%        N/A       12%         3
 Flame Wave               Conj/Fire      11%        2d6       34%         4
 Petrify                  Tmut/Erth      11%        N/A       34%         4
 Blade Hands              Tmut           5%         N/A       69%         5
 Simulacrum               Ice/Necr       11%        N/A       88%         6
 Statue Form              Tmut/Erth      7%         N/A       99%         6


Dungeon Overview and Level Annotations

Branches:
Dungeon (15/15)            Temple (1/1) D:6            Lair (5/5) D:10
  Swamp (0/4) Lair:2       Spider (0/4) Lair:2        Slime (0/5) Lair:4
    Orc (0/2) D:9          Vaults (0/5) D:13         Depths (0/4) D:15
Gauntlet (visited)

Altars:
Ashenzari
Dithmenos
Gozag
Hepliaklqana
Makhleb
Nemelex Xobeh
Okawaru
Qazlal
Ru
Sif Muna
Trog
Uskayaw
Wu Jian
Xom
Yredelemnul
Zin
The Shining One
Jiyva

Shops:
D:5 *   D:9 [*=   D:13 =

Annotations:
D:12 Jorgrun


Innate Abilities, Weirdness & Mutations

You are very small and have problems with some larger weapons.
You are too small for most types of armour.
You have supernaturally acute eyesight. (SInv)
You cover ground extremely quickly. (Speed+++)


Message History

Aim: a rakshasa, wielding a +3 trident and wearing a +0 robe (umbra)
The thunderbolt hits the rakshasa!
The rakshasa is lightly wounded.
Unknown command.
Aiming: Thunderbolt
Press: ? - help, Q - select action, (/) - cycle Shift-Dir - straight line, f/p - rakshasa
Aim: a rakshasa, wielding a +3 trident and wearing a +0 robe (lightly wounded, umbra)
The thunderbolt hits the rakshasa!!
The rakshasa is heavily wounded.
The rakshasa blinks!
The rakshasa gestures at you. The lance of force hits you!!
You are knocked back by the lance of force.
You slam into the rock wall!
Aiming: Thunderbolt
Press: ? - help, Q - select action, (/) - cycle Shift-Dir - straight line, f/p - rakshasa
Aim: a rakshasa, wielding a +3 trident and wearing a +0 robe (heavily wounded, umbra)
The thunderbolt hits the rakshasa!
The rakshasa is severely wounded.
The injured rakshasa weaves a defensive illusion!
The rakshasa barely misses you.
Aiming: Thunderbolt
Press: ? - help, Q - select action, (/) - cycle Shift-Dir - straight line, f - rakshasa
Aim: a rakshasa, wielding a +3 trident and wearing a +0 robe (severely wounded, umbra)
The thunderbolt hits the rakshasa!
The rakshasa is almost dead.
The lightning rod overheats!
The rakshasa hits you from afar with a +3 trident. x2
The lightning rod is presently inert.
The lightning rod is presently inert.
Unknown command.
Aiming: Yara's Violent Unravelling (dangerous; 9% risk of failure)
Press: ? - help, Q - select action, (/) - cycle Dir - move target, f - you, p - rakshasa
Okay, then.
The rakshasa gestures at you. The lance of force hits you!
* * * LOW HITPOINT WARNING * * *
You are knocked back by the lance of force.
You slam into the rock wall!
You die...

....#...§§§§§P....#######
....#...§§.P§PPP........#
....#.....#..P§PP.#####.######
.........P.....P.............#
......##.......#..#####.####.#
....####.........######+####.#
....# #<.#.#.#.#..R.......#..#
##### #........#..R.......#..#
#..###.###@.R..........# ##'#
#†# #............##
*#.#*#.###...........##
**..§*#..##...........#
*.....##R##..........##
#..R..##.##.#######'##
***##...###.##.# ##...#
**,**##.## #.##.# ##..###
*,,,**#.u**#.##.###..##


You could see 3 rakshasas.

Vanquished Creatures
  Fannar (Lair:1)
  A merfolk avatar (Lair:5)
  5 hydras
  3 centaur warriors
  3 two-headed ogres (D:13)
  An ogre mage (D:13)
  3 boulder beetles
  2 death yaks
  2 tengu warriors (D:13)
  A sea snake (Lair:5)
  A pharaoh ant (Lair:2)
  2 skysharks (Lair:5)
  A deep elf pyromancer (D:14)
  2 wizards
  An orc knight (D:15)
  A necromancer (D:13)
  A wolf spider (D:15)
  14 ugly things
  A will-o-the-wisp (Lair:2)
  4 cyclopes
  An oklob plant (D:10)
  2 manticores (D:13)
  14 elephants
  A guardian serpent (shapeshifter) (D:13)
  A black mamba (Lair:1)
  Maggie (D:7)
  2 gargoyles
  An unseen horror (D:11)
  A demonic crawler (Lair:5)
  A kobold demonologist (D:14)
  4 torpor snails
  9 cane toads
  10 komodo dragons
  2 rime drakes
  3 trolls
  Grinder (D:3)
  4 polar bears (Lair:5)
  3 tarantellas (Lair:2)
  2 hornets
  7 blink frogs
  3 slime creatures (D:14)
  A jumping spider (Lair:2)
  A snapping turtle (Lair:5)
  24 yaks
  6 wyverns
  A vampire (D:9)
  2 water elementals (D:15)
  3 wraiths
  A basilisk (Lair:3)
  4 steam dragons
  Menkaure (D:7)
  2 swamp worms (Lair:5)
  4 acid dragons
  12 water moccasins
  5 orc warriors
  2 sky beasts
  2 black bears
  3 wolves (Lair:5)
  11 centaurs
  2 ogres
  2 kobold brigands
  A gnoll sergeant (D:9)
  5 bullfrogs
  6 scorpions
  4 wights
  11 killer bees
  2 howler monkeys (D:10)
  3 jellies (D:6)
  A gnoll bouda (D:4)
  5 hounds
  5 orc priests
  Crazy Yiuf (D:6)
  Terence (D:2)
  4 iguanas
  3 orc wizards
  5 hell rats (Lair:5)
  11 gnolls
  16 adders
  A shadow imp (D:6)
  2 white imps
  2 ufetubi (D:5)
  2 worms (D:2)
  29 orcs
  6 endoplasms
  2 giant cockroaches
  5 hobgoblins
  3 jackals (D:1)
  15 kobolds
  2 quokkas (D:3)
  14 ball pythons
  A bat (D:2)
  3 frilled lizards
  3 goblins
  4 rats
390 creatures vanquished.

Vanquished Creatures (collateral kills)
  6 two-headed ogres
  A cyclops (D:13)
  2 ogres (D:13)
  2 centaurs (D:13)
  5 wights
  4 gnolls
  3 kobolds
23 creatures vanquished.

Vanquished Creatures (others)
  13 dancing weapons
  4 foxfires (Lair:2)
17 creatures vanquished.

Grand Total: 430 creatures vanquished

Notes
Turn   | Place    | Note
-------+----------+-------------------------------------------
     0 | D:1      | LynnLen the Spriggan Enchanter began the quest for the Orb.
     0 | D:1      | Reached XP level 1. HP: 9/9 MP: 5/5
   416 | D:1      | Reached XP level 2. HP: 13/13 MP: 6/6
   449 | D:1      | Learned a level 2 spell: Ensorcelled Hibernation
   954 | D:2      | Noticed Terence
  1129 | D:2      | Killed Terence
  1130 | D:2      | Reached XP level 3. HP: 16/16 MP: 2/8
  1186 | D:2      | Learned a level 3 spell: Confusing Touch
  1190 | D:2      | Learned a level 3 spell: Tukima's Dance
  1595 | D:2      | Reached skill level 1 in Ice Magic
  1765 | D:2      | Reached XP level 4. HP: 21/21 MP: 9/9
  2000 | D:3      | Found a transporter.
  2018 | D:3      | Found a transporter.
  2018 | D:3      | Noticed Grinder
  2129 | D:3      | HP: 1/21 [Grinder (4)]
  2452 | D:3      | Killed Grinder
  2453 | D:3      | Reached skill level 5 in Stealth
  2453 | D:3      | Reached skill level 5 in Hexes
  2453 | D:3      | Reached XP level 5. HP: 13/24 MP: 4/11
  2453 | D:3      | Reached XP level 6. HP: 15/28 MP: 4/12
  2527 | D:3      | Found a faded altar of an unknown god.
  2918 | D:3      | Found a basalt altar of Yredelemnul.
  2923 | D:3      | Found a sacrificial altar of Ru.
  2923 | D:3      | Found an iron altar of Okawaru.
  2926 | D:3      | Found a glowing silver altar of Zin.
  4369 | D:4      | Reached skill level 6 in Stealth
  4369 | D:4      | Reached XP level 7. HP: 32/32 MP: 14/14
  4447 | D:4      | Found an ornate altar of the Wu Jian Council.
  4591 | D:4      | Identified the amulet "Atwaexko" {Contam rN+ Regen+ Str+4
                  | SInv}
  5256 | D:5      | Entered Level 5 of the Dungeon
  5725 | D:5      | Found Yrruymebb's Assorted Antiques.
  5944 | D:5      | Bought a scroll of identify for 56 gold pieces
  6198 | D:5      | Reached XP level 8. HP: 32/36 MP: 12/16
  6330 | D:6      | Reached skill level 5 in Dodging
  6537 | D:6      | Reached skill level 7 in Stealth
  6550 | D:6      | Reached skill level 5 in Spellcasting
  7155 | D:6      | Found a runed translucent door.
  7156 | D:6      | Noticed Crazy Yiuf
  7162 | D:6      | Paralysed by you for 5 turns
  7174 | D:6      | Killed Crazy Yiuf
  7457 | D:6      | Found a staircase to the Ecumenical Temple.
  7496 | Temple   | Entered the Ecumenical Temple
  7507 | Temple   | Became a worshipper of Dithmenos the Shadowed
  7566 | D:6      | Reached XP level 9. HP: 29/39 MP: 4/18
  7991 | D:7      | Reached skill level 8 in Stealth
  8036 | D:6      | Reached skill level 5 in Ice Magic
  8051 | D:6      | Learned a level 2 spell: Call Imp
  8058 | D:6      | Learned a level 6 spell: Summon Cactus Giant
  8061 | D:7      | Noticed Maggie
  8176 | D:7      | Killed Maggie
  8177 | D:7      | Reached skill level 1 in Summonings
  8280 | D:7      | Noticed Menkaure
  8295 | D:7      | Killed Menkaure
  8296 | D:7      | Reached skill level 1 in Fighting
  8386 | D:7      | Reached skill level 5 in Short Blades
  9148 | D:8      | Found a sparkling altar of Nemelex Xobeh.
  9160 | D:8      | Found a stormy altar of Qazlal.
  9416 | D:8      | Reached skill level 9 in Stealth
  9607 | D:9      | Found a staircase to the Orcish Mines.
  9776 | D:9      | Found Cuubrotz's Armour Shop.
  9854 | D:9      | Noticed a two-headed ogre
  9870 | D:9      | Killed a two-headed ogre
  9871 | D:9      | Reached skill level 1 in Armour
  9871 | D:9      | Reached XP level 10. HP: 39/46 MP: 9/21
  9994 | D:9      | Found Rauss's Fire Supplies.
 10229 | D:9      | Reached * piety under Dithmenos
 11230 | D:9      | Reached skill level 10 in Stealth
 11928 | D:9      | Found Latuodoiki's Jewellery Emporium.
 11931 | D:9      | Bought a +4 ring of protection for 432 gold pieces
 12025 | D:9      | Found a shimmering blue altar of Sif Muna.
 12201 | D:10     | Entered Level 10 of the Dungeon
 12235 | D:9      | Reached skill level 5 in Summonings
 12583 | D:9      | Reached ** piety under Dithmenos
 12627 | D:10     | Noticed an oklob plant
 12629 | D:10     | Found a staircase to the Lair.
 12687 | D:10     | Killed an oklob plant
 12688 | D:10     | Reached XP level 11. HP: 52/52 MP: 21/23
 12734 | D:10     | Noticed a two-headed ogre
 12766 | D:10     | Killed a two-headed ogre
 13326 | Lair:1   | Entered Level 1 of the Lair of Beasts
 13581 | Lair:1   | Reached skill level 11 in Stealth
 13736 | Lair:1   | Identified the +4 quarterstaff "Newt's Undoing" {heavy, rC+
                  | Str+7}
 13762 | Lair:1   | Noticed a death yak
 13762 | Lair:1   | Noticed a death yak
 13786 | Lair:1   | Noticed a death yak
 13789 | Lair:1   | Noticed a death yak
 13790 | Lair:1   | Killed a death yak
 13790 | Lair:1   | Noticed a death yak
 13793 | Lair:1   | Noticed a death yak
 13923 | Lair:1   | Noticed a boulder beetle
 13928 | Lair:1   | Killed a boulder beetle
 13940 | Lair:1   | Noticed Fannar
 14007 | Lair:1   | Killed Fannar
 14158 | Lair:1   | Reached *** piety under Dithmenos
 14639 | Lair:2   | Found a staircase to the Swamp.
 14648 | Lair:2   | Found a hole to the Spider Nest.
 14648 | Lair:2   | Noticed a pharaoh ant
 14682 | Lair:2   | Killed a pharaoh ant
 14683 | Lair:2   | Reached XP level 12. HP: 58/58 MP: 23/25
 15106 | Lair:2   | Reached skill level 12 in Stealth
 15458 | Lair:2   | Reached skill level 10 in Dodging
 15768 | Lair:3   | Found a gate leading to a gauntlet.
 15777 | Gauntlet | Entered a Gauntlet
 15777 | Gauntlet | Found a transporter.
 15777 | Gauntlet | Found a transporter.
 15777 | Gauntlet | Found a transporter.
 15778 | Gauntlet | Found a transporter.
 15781 | Gauntlet | Found a transporter.
 15781 | Gauntlet | Found a transporter.
 15812 | Gauntlet | Noticed a catoblepas
 15820 | Gauntlet | Found a transporter.
 15825 | Gauntlet | Found a transporter.
 15826 | Gauntlet | Found a large runed translucent door.
 15827 | Gauntlet | Found a large runed translucent door.
 15828 | Gauntlet | Found a large runed translucent door.
 15828 | Gauntlet | Found a large runed translucent door.
 15828 | Gauntlet | Found a runed translucent door.
 15829 | Gauntlet | Found a large runed translucent door.
 15830 | Gauntlet | Found a runed translucent door.
 15831 | Gauntlet | Found a large runed translucent door.
 15831 | Gauntlet | Found a large runed translucent door.
 15831 | Gauntlet | Found a large runed translucent door.
 15832 | Gauntlet | Found a large runed translucent door.
 15833 | Gauntlet | Found a large runed translucent door.
 15837 | Gauntlet | Found a large runed translucent door.
 15838 | Gauntlet | Found a large runed translucent door.
 15838 | Gauntlet | Found a large runed translucent door.
 15839 | Gauntlet | Found a runed translucent gate.
 15839 | Gauntlet | Found a runed translucent gate.
 15839 | Gauntlet | Found a runed translucent gate.
 15841 | Gauntlet | Found a transporter.
 15841 | Gauntlet | Noticed a reaper
 15851 | Gauntlet | Found a large runed translucent door.
 15852 | Gauntlet | Found a large runed translucent door.
 15853 | Gauntlet | Found a large runed translucent door.
 15903 | Gauntlet | Found a transporter.
 15909 | Gauntlet | Found a transporter.
 15925 | Gauntlet | Found a transporter.
 16307 | Gauntlet | Noticed a minotaur
 16349 | Gauntlet | Identified the +0 pair of boots of Lol Hej {Rampage rC-
                  | rN+++ Dex-4}
 16429 | Lair:3   | Learned a level 7 spell: Enfeeble
 16636 | Lair:3   | Reached skill level 5 in Fighting
 17439 | Lair:4   | Noticed a four-headed hydra
 17495 | Lair:4   | Killed a four-headed hydra
 17677 | Lair:4   | Reached **** piety under Dithmenos
 17893 | Lair:4   | Noticed an eight-headed hydra
 17896 | Lair:4   | Killed an eight-headed hydra
 18258 | Lair:4   | Found a viscous altar of Jiyva.
 18258 | Lair:4   | Found a staircase to the Slime Pits.
 18562 | Lair:5   | Entered Level 5 of the Lair of Beasts
 18580 | Lair:5   | Noticed a boulder beetle
 18585 | Lair:5   | Killed a boulder beetle
 18586 | Lair:5   | Reached XP level 13. HP: 64/64 MP: 27/27
 18785 | Lair:5   | Reached skill level 13 in Stealth
 18858 | Lair:5   | Reached skill level 10 in Spellcasting
 19296 | Lair:5   | Reached skill level 10 in Hexes
 19586 | Lair:5   | Reached ***** piety under Dithmenos
 20008 | Lair:5   | Identified the +1 robe of the Terrible Lion {rN+ Int-4
                  | Dex+4}
 20883 | D:11     | Reached skill level 5 in Armour
 20980 | D:11     | Identified the +5 short sword "Qyliat" {flame, rElec rC-
                  | Str+2 Int+3}
 21963 | D:12     | Noticed Jorgrun
 22211 | D:13     | Found Uckun's Jewellery Shoppe.
 22491 | D:13     | Found a gate to the Vaults.
 22710 | D:13     | Reached XP level 14. HP: 59/70 MP: 22/29
 23071 | D:13     | Reached skill level 14 in Stealth
 24058 | D:14     | Reached skill level 1 in Invocations
 24507 | D:15     | Entered Level 15 of the Dungeon
 24777 | D:15     | Learned a level 5 spell: Yara's Violent Unravelling
 25348 | D:15     | Found a hazy altar of Hepliaklqana.
 25661 | D:15     | Collided with a rock wall

Illustrated notes

Levels and vault maps discovered:
D:1:      wander_arrival_desolate, layout_loops_ring, corner_web_ring,
          item_on_display_a
D:2:      layout_basic, minmay_misc_feat_ornament, nicolae_underground_beach,
          uniq_terence
D:3:      gammafunk_wand_slinger, layout_loops_cross,
          grunt_temple_overflow_open, nicolae_ecumenical_snake_handling,
          serial_aquarium, aquarium_bridge_straight [aquarium_subvault_bridge,
          aquarium_subvault_wall, aquarium_subvault_bridge,
          aquarium_subvault_window], aquarium_bridge_straight
          [aquarium_subvault_bridge, aquarium_subvault_wall,
          aquarium_subvault_bridge, aquarium_subvault_window],
          aquarium_window_fake, aquarium_window_1, aquarium_view_4,
          aquarium_balcony_5b, kennysheep_generic_room_8, uniq_grinder
D:4:      layout_gridville, kennysheep_mini_moat, minmay_snake_closets
D:5:      layout_basic, kennysheep_small_circle
D:6:      layout_basic, minmay_temple_entry_wispy, grunt_ministairs_4,
          roderic_lattice_a, uniq_crazy_yiuf_cottage
D:7:      layout_rooms, uniq_menkaure, uniq_maggie
D:8:      layout_cave_pods, minitemple
D:9:      layout_basic, marbit_many_paths, orc_david_3, serial_shops,
          nicolae_shop_window_shopping, solitary_fountain, hex_tiny,
          nicolae_shop_fire_sale [nicolae_sub_dead_trees], onia_ninara_cookie
D:10:     layout_cross, dpeg_oklobed_lair, kennysheep_generic_room_5
D:11:     layout_basic
D:12:     layout_grid_maze, kennysheep_generic_room_11, uniq_nessos,
          uniq_jorgrun
D:13:     layout_rooms, david_vaults_1, serial_shops,
          nicolae_shop_tiny_waterfront
D:14:     layout_basic, nrook_mini_backslash
D:15:     gammafunk_enter_depths_forms, layout_basic,
          nicolae_hepliaklqana_hazy_memory
Temple:   nicolae_temple_ecumenical_triangle
Lair:1:   layout_roguey, uniq_fannar
Lair:2:   layout_cave_pods, minmay_swamp_entry_wisps,
          nicolae_spider_entry_lesser_pyramids
Lair:3:   layout_cave_pods, gauntlet_entry_generic, infiniplex_staircase_pool_2
Lair:4:   layout_small_grid, dpeg_slime_entry_enclosed,
          chequers_serial_rivers_small_3
Lair:5:   gammafunk_lair_ancient_temple, layout_cave_pods, worms_lemuel

Skill      XL: |  1  2  3  4  5  6  7  8  9 10 11 12 13 14 |
---------------+-------------------------------------------+-----
Hexes          | 4 5 6 8 9 11 12 | 12.0
Dodging        | 3 4 6 7 8 9 10 11 12 | 12.1
Spellcasting   | 3 4 5 6 7 8 9 10 11 | 11.2
Ice Magic      | 1 2 3 4 5 |  5.0
Short Blades   | 2 3 4 5 6 7 8 9 |  9.9
Stealth        | 5 6 7 9 10 11 12 13 14 | 14.5
Summonings     | 3 5 6 7 9 |  9.6
Fighting       | 2 3 4 5 6 |  6.8
Armour         | 1 2 3 4 5 |  5.0
Invocations    | 1 |  1.7

Action                     |  1- 3 |  4- 6 |  7- 9 | 10-12 | 13-15 || total
---------------------------+-------+-------+-------+-------+-------++-------
  Melee: Dagger            |    62 |   136 |   354 |   571 |   427 ||  1550
         Punch             |     1 |     1 |     5 |     8 |     5 ||    20
   Cast: Ensorcelled Hiber |    10 |    27 |    45 |   109 |    60 ||   251
         Confusing Touch   |       |     3 |    27 |    27 |    45 ||   102
         Tukima's Dance    |       |     8 |    17 |    31 |    33 ||    89
         Call Imp          |       |       |     3 |     7 |     2 ||    12
         Yara's Violent Un |       |       |       |       |     3 ||     3
  Evoke: Wand              |       |       |       |       |    14 ||    14
         Lightning rod     |       |       |       |       |     8 ||     8
    Use: Scroll            |     2 |     3 |    13 |    13 |    13 ||    44
         Potion            |       |     1 |       |     8 |     4 ||    13
   Stab: Sleeping          |    15 |    26 |    50 |    83 |    59 ||   233
         Confused          |       |     4 |    20 |    29 |    41 ||    94
         Distracted        |       |     1 |       |     1 |       ||     2
 Armour: Robe              |     5 |    18 |    26 |       |       ||    49
         Steam dragon scal |       |       |    12 |       |       ||    12
         Acid dragon scale |       |       |     1 |    73 |    55 ||   129
  Dodge: Dodged            |    33 |   128 |   247 |   487 |   235 ||  1130
